 Dungeon Crawl Stone Soup version 0.29.1-12-g30fa7ad0bf (webtiles) character file.

Game seed: 15322942258865415155

2394 wormed the Slicer (level 9, -2/55 HPs)
             Began as a Kobold Brigand on Dec 25, 2022.
             Was a Believer of Uskayaw.
             Killed by divine providence
             ... invoked by an orc priest
              (15 damage)
             ... on level 7 of the Dungeon.
             The game lasted 00:15:00 (7516 turns).

wormed the Slicer (Kobold Brigand)                  Turns: 7516, Time: 00:15:01

Health: -2/55      AC:  7    Str:  8    XL:     9   Next: 74%
Magic:  9/9        EV: 17    Int: 13    God:    Uskayaw [**....]
Gold:   262        SH:  8    Dex: 20    Spells: 8/8 levels left

rFire   . . .      SeeInvis .   E - +0 rapier
rCold   + . .      Faith    .   v - +2 buckler
rNeg    . . .      Spirit   .   o - +0 leather armour
rPois   .          Reflect  .   (no helmet)
rElec   .          Harm     .   c - +0 cloak
rCorr   .          Rampage  .   (no gloves)
Will    .....                   a - +2 pair of boots
Stlth   +++++.....              t - amulet of the acrobat
HPRegen 0.18/turn               p - ring of flight
MPRegen 0.11/turn               x - ring of protection from cold

@: flying, studying Fighting
A: small, no large weapons, nightstalker 3
a: Renounce Religion, Stomp, Line Pass


You were on level 7 of the Dungeon.
You worshipped Uskayaw.
Uskayaw was noncommittal.
You visited 2 branches of the dungeon, and saw 8 of its levels.

You collected 262 gold pieces.

Inventory:

Hand Weapons
 E - a +0 rapier (weapon)
Missiles
 d - 21 poisoned darts (quivered)
 e - 3 curare-tipped darts
Armour
 a - a +2 pair of boots (worn)
 c - a +0 cloak (worn)
 o - a +0 leather armour (worn)
 v - a +2 buckler (worn)
Jewellery
 p - a ring of flight (left hand)
 t - an amulet of the acrobat (around neck)
 x - a ring of protection from cold (right hand)
 D - a ring of fire
Wands
 b - a wand of paralysis (8)
Scrolls
 f - a scroll of silence {unknown}
 h - 4 scrolls of amnesia {unknown}
 i - a scroll of torment {unknown}
 k - 5 scrolls of identify {unknown}
 n - a scroll of poison {unknown}
 r - a scroll of brand weapon {unknown}
 s - 4 scrolls of noise {unknown}
 u - a scroll of enchant weapon {unknown}
 y - 2 scrolls of immolation {unknown}
 A - a scroll of vulnerability {unknown}
 B - 2 scrolls of enchant armour {unknown}
Potions
 g - 2 potions of curing
 j - 2 potions of invisibility {unknown}
 l - 2 potions of lignification {unknown}
 m - a potion of ambrosia {unknown}
 w - a potion of degeneration {unknown}
 z - a potion of brilliance {unknown}
 C - a potion of mutation {unknown}


   Skills:
 + Level 6.1 Fighting
 * Level 9.5 Short Blades
 + Level 5.7 Throwing
 + Level 5.8 Dodging
 - Level 8.0 Stealth
 + Level 3.1 Shields


You had 8 spell levels left.
You didn't know any spells.
Your spell library contained the following spells:

 Spells                   Type           Power      Damage    Failure   Level
 Static Discharge         Conj/Air       0%         3-3/arc   69%         2
 Dispel Undead            Necr           0%         3d6       100%        4
 Sticky Flame             Conj/Fire      0%         2d3       100%        4


Dungeon Overview and Level Annotations

Branches:
Dungeon (7/15)             Temple (1/1) D:5

Altars:
Dithmenos
Elyvilon
Fedhas
Gozag
Kikubaaqudgha
Okawaru
Trog
Uskayaw
Vehumet
Xom
Zin
The Shining One

Shops:
D:4 (?*:


Innate Abilities, Weirdness & Mutations

You are small and have problems with some larger weapons.
You are completely attuned to the shadows.


Message History

An ice beast comes into view.
Things that are here:
a +0 club; a +0 ring mail You hit the orc warrior but do no damage.
The orc warrior misses you.
An orc comes into view. It is wielding a +0 war axe.
You closely miss the orc warrior. The orc barely misses you.
The orc warrior closely misses you. You block the orc's attack.
You block the orc warrior's attack. The orc attacks as you move away!
The orc misses you.
The orc warrior attacks as you move away!
The orc warrior misses you. You block the orc warrior's attack.
You barely miss the orc. The orc warrior closely misses you.
You hit the orc.
The orc is heavily wounded.
You hit the orc.
You kill the orc!
The orc warrior closely misses you.
You hit the orc.
The orc is heavily wounded.
The orc warrior hits you from afar with a +0 halberd!
You hit the orc priest.
The orc priest is moderately wounded.
The orc hits you but does no damage. The orc warrior misses you.
The orc priest barely misses you.
You closely miss the orc priest.
The orc priest is moderately wounded.
You block the orc's attack.
The orc priest mumbles some strange prayers to Beogh against you.
Beogh smites you!
The orc warrior hits you from afar with a +0 halberd!
* * * LOW HITPOINT WARNING * * *
You hit the orc but do no damage.
The orc is heavily wounded.
You hit the orc but do no damage.
The orc is heavily wounded.
You block the orc's attack.
The orc priest calls down the wrath of Beogh upon you.
Beogh smites you!
You die...

........ #.......
#.....##
###......#
..........
##.......
###o...##.
#########@oY#>#..
##......##o#......
#........#.#.#..#
.............#...
.............# ##
...............
...............
..........#.##
#.........#.#


You could see an orc warrior, an ice beast, an orc priest and an orc.

Vanquished Creatures
  Sigmund (D:2)
  A water moccasin (D:5)
  2 black bears
  2 ice beasts
  2 ogres (D:6)
  3 phantoms
  A centaur (D:6)
  A kobold brigand (D:6)
  3 bullfrogs
  2 necrophages
  5 scorpions
  2 howler monkeys
  2 hounds
  A jelly (D:6)
  An orc priest (D:6)
  Jessica (D:2)
  An iguana (D:5)
  3 orc wizards
  Natasha (thrice) (D:3)
  5 adders
  A gnoll (D:1)
  2 shadow imps
  2 white imps
  2 worms
  2 dart slugs
  15 orcs
  6 ball pythons
  6 bats
  7 endoplasms
  2 giant cockroaches
  6 goblins
  6 hobgoblins
  7 jackals (D:3)
  7 quokkas
  5 frilled lizards
  13 kobolds
  5 rats
136 creatures vanquished.

Vanquished Creatures (others)
  A hound (D:6)
1 creature vanquished.

Grand Total: 137 creatures vanquished

Notes
Turn   | Place    | Note
-------+----------+-------------------------------------------
     0 | D:1      | wormed the Kobold Brigand began the quest for the Orb.
     0 | D:1      | Reached XP level 1. HP: 12/12 MP: 1/1
   127 | D:1      | Reached skill level 3 in Short Blades
   127 | D:1      | Reached XP level 2. HP: 18/18 MP: 2/2
   573 | D:1      | Reached XP level 3. HP: 22/22 MP: 3/3
  1031 | D:2      | Found an opulent altar of Gozag.
  1048 | D:2      | Noticed Sigmund
  1052 | D:2      | Killed Sigmund
  1053 | D:2      | Reached skill level 4 in Short Blades
  1053 | D:2      | Reached XP level 4. HP: 28/28 MP: 4/4
  1053 | D:2      | Reached XP level 5. HP: 32/32 MP: 5/5
  1053 | D:2      | Reached XP level 6. HP: 37/37 MP: 6/6
  1092 | D:2      | Reached skill level 5 in Short Blades
  1144 | D:2      | Noticed Jessica
  1154 | D:2      | Killed Jessica
  1996 | D:3      | Noticed Natasha
  2000 | D:3      | Killed Natasha
  2422 | D:3      | Noticed Natasha
  2431 | D:3      | Killed Natasha
  2482 | D:3      | Noticed Natasha
  2680 | D:3      | Killed Natasha
  2681 | D:3      | Reached XP level 7. HP: 21/41 MP: 7/7
  3021 | D:4      | Found a glowing golden altar of the Shining One.
  3318 | D:4      | Reached skill level 6 in Short Blades
  3395 | D:4      | Found Ceaxev's Weapon Emporium.
  3488 | D:4      | Found Xiegg's Magic Scroll Shop.
  3762 | D:4      | Found Rutsie's General Store.
  3762 | D:4      | Found Queloufo's Book Emporium.
  4134 | D:5      | Entered Level 5 of the Dungeon
  4258 | D:5      | Reached skill level 1 in Shields
  4388 | D:5      | Found a staircase to the Ecumenical Temple.
  4449 | Temple   | Entered the Ecumenical Temple
  4600 | Temple   | Became a worshipper of Uskayaw the Reveller
  4659 | D:5      | Reached * piety under Uskayaw
  4660 | D:5      | Reached XP level 8. HP: 48/48 MP: 8/8
  4723 | D:5      | Reached ** piety under Uskayaw
  4937 | D:5      | Reached skill level 7 in Short Blades
  5784 | D:6      | Reached *** piety under Uskayaw
  5788 | D:6      | Reached **** piety under Uskayaw
  5885 | D:6      | Reached skill level 8 in Short Blades
  5885 | D:6      | Reached XP level 9. HP: 53/53 MP: 9/9
  5972 | D:6      | Reached skill level 5 in Fighting
  5972 | D:6      | Reached skill level 5 in Throwing
  6097 | D:6      | Reached skill level 5 in Dodging
  6412 | D:6      | Reached skill level 9 in Short Blades
  6524 | D:6      | HP: 1/54 [acid (11)]
  7516 | D:7      | Killed from afar by an orc priest

Illustrated notes

Levels and vault maps discovered:
D:1:      minmay_arrival_checkered_box, layout_basic, serial_curves,
          eino_curves_02, eino_curves_01
D:2:      layout_basic, basic_altar, uniq_jessica, uniq_sigmund
D:3:      layout_rooms, minmay_misc_feat_nine_boxes,
          chequers_serial_rivers_micro_c, corner_web_ring,
          kennysheep_generic_room_4, uniq_natasha
D:4:      minmay_chambers_of_twos, layout_gridville, tso_metal_star,
          serial_shops, nicolae_shop_advertising_works
          [nicolae_subvault_shop_adworks], shop, shop,
          nicolae_shop_bloodbath_and_beyond
D:5:      layout_layer_cave, temple_green
D:6:      layout_loops_ring, minmay_misc_feat_diagonals, minmay_manual_mess
D:7:      layout_rooms, gammafunk_temple_overflow_elements, serial_shops, shop,
          serial_corexii_hall, corexii_hall_statues_u,
          chequers_hall_statues_wall_a, hangedman_glass_teeth, uniq_maggie
Temple:   bh_familiar_temple

Skill      XL: |  1  2  3  4  5  6  7  8  9 |
---------------+----------------------------+-----
Short Blades   | 3 4 5 6 8 9 |  9.5
Fighting       | 3 4 6 |  6.1
Throwing       | 3 4 5 |  5.7
Dodging        | 2 3 4 5 |  5.8
Stealth        | 6 7 8 |  8.0
Shields        | 1 2 3 |  3.1

Action                   |  1- 3 |  4- 6 |  7- 9 || total
-------------------------+-------+-------+-------++-------
Melee: Dagger            |    52 |   123 |    45 ||   220
       Punch             |       |     1 |       ||     1
       Short sword       |       |       |    81 ||    81
       Rapier            |       |       |   219 ||   219
Throw: Dart              |       |       |     2 ||     2
Invok: Line Pass         |       |       |     3 ||     3
       Stomp             |       |       |     5 ||     5
  Use: Potion            |       |       |     8 ||     8
 Stab: Sleeping          |    16 |    16 |    29 ||    61
       Paralysed         |       |       |     3 ||     3
       Distracted        |       |       |     1 ||     1
Armor: Robe              |     6 |       |       ||     6
       Leather armour    |       |    23 |    35 ||    58
Dodge: Dodged            |    34 |    69 |   188 ||   291
Block: Buckler           |       |       |   124 ||   124
